AoeStats
← MisoConnoisseur

Black Forest

509861774Analyzed
4v4 RM · 4d ago on Sep 28, 2026· 50m 45s· 8 players
Game mode
Random Map
Map size
Large (8 player)
Population
200
Speed
Normal
Resources
Standard
Victory
Conquest
Starting age
Dark Age
Ending age
Imperial Age
RankedLock teamsTeams togetherTeam positionsShared explorationLock speedFull tech treeHidden civsTurbo modeCheats
Victory
Defeat
🇦🇺 Dravidians · Australia
1310
+11
🇨🇦 Britons · Canada
1149
+18
🇨🇿 Goths · Czechia
1108
+19
🇲🇽 Britons · Mexico
1100
+19
🇨🇳 Bohemians · China
1233
-19
🇹🇼 Cumans · Taiwan
1198
-17
🇦🇺 Danes · Australia
1195
-17
🇦🇺 Persians · Australia
1119
-14
oppppppfpppppp
12:06 Feudal Age
12:47 Double-Bit Axe
14:34 Horse Collar
18:20 Castle Age
23:47 Bow Saw
24:40 Heavy Plow
31:40 Imperial Age
28:56 Town Watch
30:13 Scale Barding Armor
30:46 Forging
31:20 Bloodlines
31:42 Elite Skirmisher
32:38 Capped Ram
33:06 Light Cavalry
34:24 Wheelbarrow
33:51 Town Patrol
34:01 Gold Mining
34:38 Chain Barding Armor
36:16 Two-Man Saw
35:50 Loom
36:08 Onager
37:06 Hand Cart
36:33 Cavalier
38:43 Crop Rotation
38:56 Plate Barding Armor
38:48 Steppe Husbandry
40:56 Hussar
42:55 Gold Shaft Mining
42:58 Iron Casting
42:25 Paladin
43:33 Murder Holes
43:58 Ballistics
48:53 Siege Ram
MisoConnoisseur
1:46 Loom
11:43 Feudal Age
13:10 Wheelbarrow
12:49 Double-Bit Axe
14:20 Horse Collar
19:43 Castle Age
18:23 Gold Mining
20:20 Bow Saw
20:30 Husbandry
21:14 Hand Cart
23:15 Forging
24:37 Heavy Plow
25:58 Gold Shaft Mining
26:14 Scale Barding Armor
27:16 Fletching
27:26 Stone Mining
29:24 Ballistics
28:34 Crossbowman
30:49 Thumb Ring
32:39 Bodkin Arrow
33:10 Padded Archer Armor
34:40 Kamandaran
35:35 Leather Archer Armor
36:15 Bloodlines
41:09 Imperial Age
41:49 Iron Casting
41:35 Chain Barding Armor
41:04 Cavalier
41:56 Caravan
43:26 Two-Man Saw
43:15 Crop Rotation
43:00 Guilds
44:10 Plate Barding Armor
44:36 Blast Furnace
44:15 Conscription
43:52 Savar
48:39 Squires
48:00 Man-at-Arms
48:43 Scale Mail Armor
Weak Foe Ahead
1:16 Loom
12:15 Feudal Age
16:54 Castle Age
15:56 Gold Mining
16:07 Double-Bit Axe
16:34 Scale Mail Armor
16:29 Arson
22:36 Forging
25:45 Wheelbarrow
25:22 Bow Saw
33:54 Squires
36:53 Imperial Age
34:22 Gambesons
35:48 Murder Holes
37:35 Chain Mail Armor
39:30 Elite Varangian Guard
42:09 Siege Engineers
42:44 Onager
43:36 Pikeman
M4A1
ZecK01
1:11 Loom
12:38 Feudal Age
14:16 Double-Bit Axe
14:12 Horse Collar
18:02 Castle Age
17:45 Wheelbarrow
19:34 Bow Saw
19:26 Heavy Plow
24:04 Scale Mail Armor
26:23 Forging
28:05 Hand Cart
29:38 Chain Mail Armor
31:43 Iron Casting
33:08 Anarchy
38:01 Imperial Age
35:45 Squires
35:53 Town Watch
37:43 Gold Mining
39:52 Blast Furnace
39:16 Conscription
39:30 Pikeman
40:44 Perfusion
42:31 Halberdier
[VL]_EoMeR_
0:32 Loom
17:54 Feudal Age
18:01 Man-at-Arms
24:29 Castle Age
24:32 Forging
24:44 Pikeman
33:24 Crossbowman
34:05 Padded Archer Armor
35:33 Double-Bit Axe
41:58 Imperial Age
41:15 Leather Archer Armor
43:21 Fletching
44:40 Ring Archer Armor
45:09 Bodkin Arrow
46:07 Bracer
49:47 Bow Saw
moi
BrokeMate
9:17 Loom
11:28 Feudal Age
16:22 Castle Age
16:17 Double-Bit Axe
22:04 Wheelbarrow
23:07 Fletching
23:17 Padded Archer Armor
24:09 Horse Collar
28:04 Bow Saw
28:43 Ballistics
28:24 Bodkin Arrow
28:45 Leather Archer Armor
29:19 Fortified Wall
30:57 Thumb Ring
31:34 Hand Cart
31:45 Gold Mining
31:45 Stone Mining
32:05 Heavy Plow
31:52 Town Watch
35:35 Imperial Age
34:43 Forging
34:39 Scale Barding Armor
35:13 Masonry
37:20 Chemistry
36:22 Bracer
36:53 Ring Archer Armor
36:40 Husbandry
36:09 Light Cavalry
37:11 Chain Barding Armor
36:57 Elite Elephant Archer
38:23 Iron Casting
38:19 Medical Corps
38:35 Conscription
41:34 Blast Furnace
42:20 Wootz Steel
44:43 Pikeman
45:23 Squires
45:25 Scale Mail Armor
45:18 Arson
46:40 Chain Mail Armor
46:23 Murder Holes
46:27 Halberdier
Connection lost

Rejoining the realm…

Still unreachable

The connection could not be restored.

Session expired

The server has moved on; the page needs a fresh start.